 Dungeon Crawl Stone Soup version 0.20.1-1-g8b1a95d (webtiles) character file.

57 bobthegiant the Ruffian (level 4, 0/36 HPs)
             Began as a Ghoul Warper on Dec 10, 2017.
             Slain by a gnoll
             ... wielding a +0 spear
              (7 damage)
             ... on level 2 of the Dungeon.
             The game lasted 00:05:08 (994 turns).

bobthegiant the Ruffian (Ghoul Warper)               Turns: 994, Time: 00:05:09

Health: 0/36       AC:  3    Str: 14    XL:     4   Next: 0%
Magic:  5/5        EV: 11    Int:  9    God:
Gold:   107        SH:  0    Dex:  8    Spells: 6/6 levels left

rFire    . . .     SeeInvis .     - Unarmed
rCold    + . .     Gourm    .   (no shield)
rNeg     + + +     Faith    .   a - +0 leather armour
rPois    ∞         Spirit   .   (no helmet)
rElec    .         Reflect  .   (no cloak)
rCorr    .         Harm     .   (no gloves)
MR       .....                  (no boots)
Stlth    +.........             h - amulet of magic regeneration
Regen    0.0/turn               (no ring)
MPRegen  0.2/turn               (no ring)

@: rotting
A: rotting body, claws 1, carnivore 3, cold resistance 1, negative energy
resistance 3, inhibited regeneration, torment resistance, unbreathing
a: no special abilities


You were on level 2 of the Dungeon.
You were not hungry.

You visited 1 branch of the dungeon, and saw 2 of its levels.

You collected 107 gold pieces.

Inventory:

Missiles
 d - 5 tomahawks of dispersal (quivered)
 k - 29 stones
Armour
 a - a +0 leather armour (worn)
 j - a +0 leather armour
Jewellery
 h - an amulet of magic regeneration (around neck)
 i - an uncursed ring of protection from cold {unknown}
Scrolls
 c - a scroll of blinking
 e - a scroll of identify {unknown}
 g - a scroll of remove curse {unknown}
 m - a scroll of teleportation {unknown}
Potions
 l - a potion of heal wounds {unknown}
 n - a potion of degeneration {unknown}
Books
 b - a book of Spatial Translocations

   Spells                             Type                      Level
   a - Blink                          Translocation                2
   b - Shroud of Golubria             Charms/Translocation         2
   c - Lesser Beckoning               Translocation                3
   d - Gell's Gravitas                Translocation                3
   e - Teleport Other                 Translocation                3
   f - Passage of Golubria            Translocation                4
Comestibles
 f - 3 meat rations
 o - 9 chunks of flesh


   Skills:
 - Level 2.1 Fighting
 - Level 0.8 Throwing
 - Level 0.8 Armour
 - Level 1.7 Dodging
 + Level 4.5 Unarmed Combat
 - Level 1.7 Spellcasting
   Level 2.6 Translocations


You had 6 spell levels left.
You didn't know any spells.

Dungeon Overview and Level Annotations

Branches:
Dungeon (2/15)

Altars:
Dithmenos


Innate Abilities, Weirdness & Mutations

Your body is rotting away.
You thrive on raw meat.
You are immune to poison.
You have sharp fingernails.
You are carnivorous and can eat meat at any time.
Your flesh is cold resistant. (rC+)
You are immune to negative energy. (rN+++)
You do not regenerate when monsters are visible.
You are immune to unholy pain and torment.
You can survive without breathing.


Message History

The gnoll barely misses you.
The gnoll hits you from afar with a spear!
* * * LOW HITPOINT WARNING * * *
You claw the gnoll!
You kill the gnoll!
You have reached level 4!
Eat one of 11 chunks of flesh? (ye/n/q)
You eat one of the 11 chunks of flesh.
This raw flesh tastes great!
The gnoll hits you but does no damage. The gnoll misses you.
You closely miss the gnoll. The gnoll misses you.
You closely miss the gnoll. The gnoll closely misses you.
You scratch the gnoll.
The gnoll is moderately wounded.
The gnoll hits you with a spear.
* * * LOW HITPOINT WARNING * * *
Eat one of 10 chunks of flesh? (ye/n/q)
You eat one of the 10 chunks of flesh.
This raw flesh tastes great!
The gnoll hits you with a spear!
You die...

. .##..# #.#. .. ..#..#.#.#.#
... ..#..#.#.#.# # _...
##....#.#...######.# !....##....
#.#..........# .........#
#.#..........# #....#
#.#......^....
##..)####.#......# .. ..#
#..##...g@.......##+##...
..###.....######.##..#.......
#..#..#...#.........>........
####.........#.###.#####.......#
......##.....#.#.#.#.........#.#
......##.....#.#.#.#.#.......#
......##.....#<..#.#.#.......#
.#.#.#.#.#...#####.#.#.......#
#.#.#.#.#.#........#.#.......#


You could see a gnoll.

Vanquished Creatures
  2 gnolls (D:2)
  An adder (D:2)
  A dart slug (D:2)
  2 leopard geckos (D:1)
  7 bats (D:1)
  3 giant cockroaches (D:1)
  A goblin (D:1)
  4 hobgoblins
  A frilled lizard (D:1)
  3 rats (D:1)
25 creatures vanquished.

Notes
Turn   | Place    | Note
-------+----------+-------------------------------------------
     0 | D:1      | bobthegiant the Ghoul Warper began the quest for the Orb.
     0 | D:1      | Reached XP level 1. HP: 17/17 MP: 2/2
   131 | D:1      | Reached XP level 2. HP: 21/24 MP: 3/3
   148 | D:1      | Reached skill level 3 in Unarmed Combat
   886 | D:2      | Reached XP level 3. HP: 28/29 MP: 4/4
   892 | D:2      | Reached skill level 4 in Unarmed Combat
   956 | D:2      | Found a shadowy altar of Dithmenos.
   986 | D:2      | Reached XP level 4. HP: 4/36 MP: 5/5
   994 | D:2      | Slain by a gnoll

Skill      XL: |  1  2  3 |
---------------+----------+-----
Unarmed Combat | 3 4 |  4.5
Fighting       | |  2.1
Throwing       | |  0.8
Armour         | |  0.8
Dodging        | |  1.7
Spellcasting   | |  1.7
Translocations | |  2.6

Action                   |  1- 3 |  4- 6 || total
-------------------------+-------+-------++-------
Melee: Unarmed           |    80 |     3 ||    83
  Eat: Chunk             |     7 |     2 ||     9
Armor: Leather armour    |    24 |     1 ||    25
Dodge: Dodged            |    55 |     3 ||    58
